 Dungeon Crawl Stone Soup version 0.31-a0-4-gefa6de2278 (webtiles) character file.

Game seed: 926761765296008166

305 Elsrick the Ruffian (level 6, -4/54 HPs)
             Began as an Armataur Chaos Knight on May 4, 2023.
             Was a Plaything of Xom.
             Slain by Edmund
             ... wielding a +5 heavy dire flail
              (18 damage)
             ... on level 4 of the Dungeon.
             The game lasted 00:07:21 (2399 turns).

Elsrick the Ruffian (Armataur Chaos Knight)         Turns: 2399, Time: 00:07:21

Health: -4/54      AC: 18    Str: 19    XL:     6   Next: 15%
Magic:  6/6        EV:  6    Int: 13    God:    Xom [..*...]
Gold:   127        SH:  0    Dex:  9    Spells: 5/5 levels left

rFire   . . .        p - +0 hand axe (elec)
rCold   . . .        (no shield)
rNeg    . . .        c - +9 chain mail "Vefoaxua" {Rampage}
rPois   .            (no helmet)
rElec   .            e - +0 cloak
rCorr   .            (no gloves)
SInv    .            (no barding)
Will    .....        (no amulet) Stlth
                     (no ring)
HPRegen 0.29/turn    (no ring)
MPRegen 0.10/turn

%: roll
@: no status effects
A: large, rugged brown scales 3, deformed body, armoured tail, roll, long
tongue, awkward tongue
a: Renounce Religion


You were on level 4 of the Dungeon.
You worshipped Xom.
You were a toy of Xom.
You visited 1 branch of the dungeon, and saw 4 of its levels.

You collected 127 gold pieces.

Inventory:

Hand Weapons
 p - a +0 hand axe of electrocution (weapon)
Armour
 a - a +2 leather armour
 c - the +9 chain mail "Vefoaxua" (worn) {Rampage}
   (You found it on level 2 of the Dungeon)

   Rampage:   It bestows one free step when moving towards enemies.
 e - a +0 cloak (worn)
Wands
 q - a wand of flame (16)
Scrolls
 k - 2 scrolls of amnesia {unknown}
 l - 2 scrolls of identify {unknown}
 m - a scroll of noise {unknown}
 n - a scroll of teleportation {unknown}
 r - 2 scrolls of acquirement {unknown}
Potions
 d - 3 potions of haste {unknown}
 f - a potion of degeneration {unknown}
 g - a potion of magic {unknown}
 h - a potion of might {unknown}
 i - 2 potions of curing {unknown}
 j - 2 potions of heal wounds {unknown}
 o - a potion of flight {unknown}
 s - 2 potions of lignification {unknown}
Miscellaneous
 b - a piece from Xom's chessboard (15/15) (quivered)


   Skills:
 + Level 3.2 Fighting
 + Level 0.2 Axes
 + Level 3.3 Armour
 + Level 1.7 Dodging
 + Level 1.2 Stealth
 + Level 5.1 Unarmed Combat
 + Level 0.1 Evocations


You had 5 spell levels left.
You didn't know any spells.
Your spell library contained the following spells:

 Spells                   Type           Power      Damage    Failure   Level
 Blink                    Tloc           0%         N/A       98%         2
 Lesser Beckoning         Tloc           0%         N/A       98%         2
 Momentum Strike          Conj/Tloc      0%         3d8       98%         2
 Static Discharge         Conj/Air       0%         2-2/arc   98%         2
 Airstrike                Air            0%         2d(0-16)  100%        4
 Summon Lightning Spire   Summ/Air       0%         N/A       100%        4
 Summon Forest            Summ/Tloc      0%         N/A       100%        5
 Eringya's Noxious Bog    Tmut/Pois      0%         N/A       100%        6
 Summon Hydra             Summ           0%         N/A       100%        7


Dungeon Overview and Level Annotations

Branches:
Dungeon (4/15)
 Temple: D:4-7

Altars:
Hepliaklqana

Annotations:
D:4 Edmund


Innate Abilities, Weirdness & Mutations

You are completely covered in rugged brown scales. (AC +3, +7% HP)
Armour fits poorly on your strangely shaped body.
You have a long armoured tail.
You roll when moving toward enemies. (Rampage)
Your long tongue fully drains potion bottles. (2x potion effects)
Your tongue gives you trouble enunciating. (1.5x scroll delay)


Message History

A ball python comes into view.
Edmund barely misses you.
You closely miss Edmund.
The ball python hisses angrily.
Edmund hits you with a +5 heavy dire flail!!
You barely miss Edmund.
Your tail-slap misses Edmund.
Edmund hits you with a +5 heavy dire flail!
You hit Edmund. Lightning courses through Edmund!
Edmund is moderately wounded.
You hit the ball python.
Lightning courses through the ball python!
You kill the ball python!
You completely miss Edmund.
Edmund is moderately wounded.
Edmund hits you but does no damage.
You hit Edmund but do no damage.
Edmund is moderately wounded.
Edmund completely misses you.
You hit Edmund but do no damage.
Edmund is moderately wounded.
Edmund hits you but does no damage.
You closely miss Edmund.
Edmund is moderately wounded.
Edmund hits you but does no damage.
You hit Edmund but do no damage. Lightning courses through Edmund!!
Edmund is severely wounded.
Edmund barely misses you.
You barely miss Edmund.
Edmund is severely wounded.
You hit Edmund. Lightning courses through Edmund!
Edmund is almost dead.
Edmund barely misses you.
You closely miss Edmund. Your punch misses Edmund.
Edmund is almost dead.
Edmund hits you with a +5 heavy dire flail!
* * * LOW HITPOINT WARNING * * *
You hit Edmund but do no damage.
Edmund is almost dead.
Edmund hits you with a +5 heavy dire flail!!
You die...

...............##... .$.
...#####..........## )..
. #........### ...
.#####........# ...
..............# ..##.#
##.........#.####
......####...#..<......#
#...#.@#......##........
#.....†@.........#...###
#....................#
#...####...###.#..##..#
#.. #.#........# #... #
......####.... ...
....###.# #.#... .# ##..
.# #... #.# .. #. #.#


You could see Edmund.

Vanquished Creatures
  An orc priest (D:3)
  A sleepcap (D:4)
  Natasha (thrice) (D:2)
  3 gnolls (D:2)
  6 adders
  3 worms (D:2)
  2 dart slugs (D:1)
  2 orcs (D:3)
  13 ball pythons
  12 endoplasms
  3 giant cockroaches
  4 goblins
  6 hobgoblins
  3 quokkas
  6 bats
  6 frilled lizards
  6 kobolds
  4 rats
84 creatures vanquished.

Notes
Turn   | Place    | Note
-------+----------+-------------------------------------------
     0 | D:1      | Elsrick the Armataur Chaos Knight began the quest for the
                  | Orb.
     0 | D:1      | Reached XP level 1. HP: 19/19 MP: 1/1
    70 | D:1      | Reached skill level 3 in Unarmed Combat
    77 | D:1      | Reached XP level 2. HP: 15/26 MP: 2/2
   144 | D:1      | XOM: divination: magic mapping
   306 | D:1      | XOM: silly message
   376 | D:1      | XOM: divination: detect creatures
   590 | D:1      | Reached XP level 3. HP: 33/33 MP: 3/3
   670 | D:2      | Reached skill level 1 in Dodging
   718 | D:2      | Noticed Natasha
   731 | D:2      | Killed Natasha
   888 | D:2      | Identified the +9 chain mail "Vefoaxua" {Rampage}
   980 | D:2      | XOM: divination: magic mapping
  1012 | D:2      | Found a faded altar of an unknown god.
  1081 | D:2      | XOM: divination: detect items
  1134 | D:2      | Noticed Natasha
  1143 | D:2      | Killed Natasha
  1144 | D:2      | Reached skill level 4 in Unarmed Combat
  1144 | D:2      | Reached XP level 4. HP: 34/40 MP: 4/4
  1156 | D:2      | XOM: smoke on damage
  1231 | D:2      | Reached XP level 5. HP: 48/48 MP: 5/5
  1291 | D:2      | Reached skill level 1 in Stealth
  1402 | D:2      | XOM is BORED!
  1621 | D:2      | Noticed Natasha
  1623 | D:2      | XOM: potion effect (haste)
  1628 | D:2      | Killed Natasha
  1784 | D:3      | Reached skill level 5 in Unarmed Combat
  1844 | D:3      | Found a hazy altar of Hepliaklqana.
  1907 | D:3      | XOM: divination: detect items
  1936 | D:3      | Reached XP level 6. HP: 54/54 MP: 6/6
  2298 | D:3      | XOM: noise
  2384 | D:4      | Noticed Edmund
  2399 | D:4      | Slain by Edmund

Illustrated notes

Levels and vault maps discovered:
D:1:      tarquinn_simple_flora_water_b, layout_rooms, dreamdust_wishing_well,
          minmay_misc_feat_room, minmay_misc_feat_ornament
D:2:      minmay_razor_zed, layout_rooms, basic_ecumenical_altar,
          minmay_fountain_box, uniq_natasha
D:3:      layout_loops_cross, mainiacjoe_overflow_tiny_flanked
D:4:      layout_rooms, tgw_sif, corexii_shack, uniq_edmund

Skill      XL: |  1  2  3  4  5 |
---------------+----------------+-----
Unarmed Combat | 3 4 5 |  5.1
Fighting       | 3 |  3.2
Dodging        | 1 |  1.7
Armour         | 3 |  3.3
Stealth        | 1 |  1.2
Axes           | |  0.2
Evocations     | |  0.1

Action                     |  1- 3 |  4- 6 || total
---------------------------+-------+-------++-------
  Melee: Unarmed           |   100 |   125 ||   225
         Tailslap          |    13 |    19 ||    32
         Punch             |     2 |     7 ||     9
         Hand axe          |       |    69 ||    69
  Evoke: Piece from Xom's  |       |     3 ||     3
    Use: Scroll            |     2 |       ||     2
 Armour: Leather armour    |    43 |       ||    43
         Chain mail        |     1 |   110 ||   111
  Dodge: Dodged            |    41 |    51 ||    92

Table legend: (Time is in decaauts)
 A = Elapsed time spent in this place.
 B = Non-inter-level travel time spent in this place.
 C = Inter-level travel time spent in this place.
 D = Time resting spent in this place.
 E = Time spent auto-exploring this place.
 F = Levels seen in this place.
 G = Mean time per level.
                   A        B        C        D        E       F      G
               +--------+--------+--------+--------+--------+-----+--------+
         Total |   2383 |   2284 |     99 |    225 |   1394 |   4 |  595.8 |
       Dungeon |   2383 |   2284 |     99 |    225 |   1394 |   4 |  595.8 |
               +--------+--------+--------+--------+--------+-----+--------+

Top non-repeatable levels by time:
     D:2: 1001 daAuts
     D:3: 694 daAuts
     D:1: 616 daAuts
     D:4: 71 daAuts
